Map: Terrasses de Prion

Players

Worming

  • Race: Zerg Zerg
  • League: Diamond

Nemesis - Winner!

  • Race: Protoss Protoss
  • League: Diamond

VOD

Have the link to the VOD?

Description

Time

  • Played on: Dec. 10, 2015, 12:21 p.m.
  • Length: 13:25
Show
View Real Time Build Order
Export as new Build Order

Worming Zerg 

Build Orders: Pool First 

Get SALT Encoding   

  12  0:01  Drone  
  13  0:16  Overlord  
  13  0:17  Drone  
  14  0:35  Drone x2  
  16  0:43  Drone  
  17  1:07  Extractor  
  17  1:08  Spawning Pool  
  17  1:09  Drone x2  
  17  1:22  Hatchery  
  17  1:25  Drone  
  17  1:30  Drone  
  18  1:35  Drone  
  19  1:46  Drone  
  20  1:58  Queen  
  20  2:01  Overlord  
  22  2:17  Metabolic Boost  
  22  2:20  Drone x2  
  24  2:29  Drone  
  25  2:37  Queen  
  25  2:39  Zergling x4  
  25  2:41  Queen  
  31  2:55  Drone x2  
  33  3:00  Drone x2  
  35  3:12  Evolution Chamber  
  34  3:16  Drone  
  34  3:17  Evolution Chamber  
  34  3:18  Hatchery  
  32  3:24  Drone x3  
  34  3:30  Queen  
  36  3:36  Overlord  
  36  3:40  Zerg Melee Weapons Level 1  
  33  3:52  Drone x3  
  34  4:02  Drone  
  35  4:10  Zerg Ground Armor Level 1  
  35  4:20  Drone x4  
  35  4:22  Zergling x2  
  40  4:33  Drone  
  41  4:41  Overlord  
  41  4:42  Drone x5  
  41  4:43  Drone x2  
  41  4:45  Drone  
  49  4:54  Overlord x2  
  49  5:02  Spore Crawler  
  49  5:04  Spore Crawler  
  42  5:12  Spore Crawler  
  39  5:14  Drone x2  
  39  5:18  Lair  
  39  5:20  Drone x6  
  47  5:28  Zergling x2  
  47  5:29  Zergling x4  
  47  5:30  Drone  
  51  5:35  Extractor  
  51  5:36  Extractor  
  51  5:37  Extractor  
  51  5:38  Drone x3  
  50  5:47  Zergling x18  
  59  5:55  Drone  
  59  5:56  Drone  
  62  5:57  Drone x2  
  62  6:12  Hatchery  
  60  6:22  Zerg Melee Weapons Level 2  
  59  6:25  Drone  
  59  6:27  Drone  
  59  6:28  Drone  
  59  6:29  Drone x3  
  59  6:31  Overlord x4  
  59  6:32  Extractor x2  
  63  6:40  Overlord x3  
  63  6:44  Spire  
  63  6:45  Drone x2  
  64  6:57  Zerg Ground Armor Level 2  
  64  7:08  Drone x3  
  64  7:09  Drone x2  
  64  7:10  Drone  
  64  7:14  Drone x6  
  64  7:15  Drone x3  
  78  7:27  Overlord  
  78  7:28  Extractor  
  78  7:29  Overlord, Hatchery, Extractor  
  75  7:41  Drone x3, Roach Warren  
  75  7:42  Infestation Pit  
  75  7:56  Mutalisk x3  
  75  7:57  Mutalisk x4  
  88  8:01  Drone x4  
  88  8:03  Drone  
  88  8:04  Drone x2  
  95  8:06  Drone x2  
  95  8:07  Drone  
  95  8:10  Drone x3  
  101  8:18  Queen  
  105  8:42  Queen  
  105  8:43  Hive  
  105  8:46  Roach  
  105  8:47  Roach x15  
  137  8:52  Zergling x2  
  137  8:53  Zergling x8  
  137  8:54  Overlord  
  142  8:59  Overlord x3  
  142  9:00  Zergling x4  
  140  9:27  Roach x8  
  140  9:28  Roach  
  158  9:37  Hatchery  
  156  9:45  Glial Reconstitution  
  148  9:52  Corruptor x2  
  148  9:53  Corruptor x6  
  148  9:55  Viper x2  
  148  9:56  Viper  
  173  10:02  Drone x6  
  179  10:10  Overlord  
  179  10:11  Overlord x2  
  179  10:16  Zerg Ground Armor Level 3, Zerg Melee Weapons Level 3  
  179  10:25  Zergling x4  
  179  10:26  Overlord  
  179  10:27  Overlord x3  
  171  10:45  Adrenal Glands  
  171  10:47  Zergling x26  
  171  10:48  Ultralisk Cavern  
  183  11:00  Ravager x7  
  172  11:14  Corruptor x4  
  172  11:15  Zergling x24  
  172  11:16  Zergling x6  
  176  11:26  Zergling x2  
  176  11:27  Zergling x18  
  173  11:41  Corruptor x6  
  120  12:08  Corruptor x5  
  106  12:25  Corruptor x2  
  106  12:26  Zergling x20  
  102  12:39  Corruptor x4  
  102  12:40  Zergling x8  
Show
View Real Time Build Order
Export as new Build Order

Nemesis Protoss - Winner!

Build Orders: 1 Gate Expand, Oracle Opening 

Get SALT Encoding   

  12  0:01  Probe (Chrono Boost)  
  13  0:11  Probe (Chrono Boost)  
  14  0:20  Pylon  
  14  0:23  Probe (Chrono Boost)  
  15  0:38  Probe (Chrono Boost)  
  16  0:42  Gateway  
  16  0:45  Assimilator  
  16  0:49  Probe (Chrono Boost)  
  17  1:00  Probe (Chrono Boost)  
  19  1:11  Probe (Chrono Boost)  
  18  1:33  Nexus  
  18  1:38  Cybernetics Core  
  18  1:45  Assimilator  
  18  1:46  Probe (Chrono Boost)  
  19  1:52  Pylon  
  19  1:57  Probe (Chrono Boost)  
  20  2:08  Probe (Chrono Boost)  
  21  2:14  Adept (Chrono Boost)  
  21  2:15  Warp Gate  
  23  2:19  Mothership Core  
  25  2:38  Adept (Chrono Boost)  
  25  2:40  Probe (Chrono Boost)  
  28  2:48  Probe (Chrono Boost)  
  29  2:51  Probe (Chrono Boost)  
  29  2:55  Stargate  
  31  2:58  Probe (Chrono Boost)  
  31  2:59  Pylon  
  31  3:02  Pylon  
  31  3:04  Probe (Chrono Boost)  
  32  3:09  Sentry  
  32  3:11  Probe (Chrono Boost)  
  35  3:16  Assimilator  
  35  3:24  Probe (Chrono Boost)  
  35  3:25  Probe (Chrono Boost)  
  37  3:35  Probe x2 (Chrono Boost)  
  39  3:45  Probe (Chrono Boost)  
  39  3:46  Probe (Chrono Boost)  
  39  3:56  Probe x2 (Chrono Boost)  
  39  3:58  Oracle (Chrono Boost)  
  42  4:05  Gateway  
  42  4:07  Gateway x2  
  42  4:08  Probe x2  
  44  4:19  Probe  
  44  4:20  Probe  
  44  4:21  Pylon  
  46  4:25  Stalker  
  46  4:28  Pylon  
  46  4:30  Probe  
  48  4:32  Probe  
  50  4:40  Probe  
  50  4:41  Assimilator  
  50  4:44  Probe  
  52  4:49  Stalker  
  52  4:51  Probe  
  55  4:56  Probe  
  56  5:08  Probe  
  56  5:10  Probe  
  55  5:14  Nexus  
  55  5:16  Pylon  
  55  5:18  Pylon  
  55  5:19  Fleet Beacon  
  55  5:22  Probe  
  56  5:32  Stargate  
  56  5:34  Probe  
  56  5:35  Probe  
  56  5:42  Forge  
  58  5:45  Probe  
  58  5:47  Twilight Council  
  58  5:48  Probe  
  60  5:55  Probe  
  60  5:56  Pylon  
  61  5:59  Pylon  
  61  6:02  Carrier (Chrono Boost)  
  67  6:16  Adept x2  
  71  6:22  Carrier (Chrono Boost)  
  71  6:24  Graviton Catapult  
  71  6:25  Probe  
  77  6:26  Probe x2  
  80  6:35  Pylon  
  80  6:38  Photon Cannon, Pylon  
  80  6:40  Assimilator  
  80  6:44  Probe x2, Assimilator  
  80  6:45  Probe  
  83  6:49  Protoss Air Weapons Level 1  
  83  6:52  Protoss Shields Level 1  
  83  7:04  Adept x3, Pylon  
  83  7:05  Adept  
  91  7:18  Carrier (Chrono Boost)  
  98  7:22  Probe  
  98  7:23  Probe  
  98  7:26  Probe  
  100  7:35  Probe x2  
  108  7:37  Probe, Pylon  
  108  7:38  Carrier (Chrono Boost)  
  108  7:40  Pylon  
  109  8:04  Zealot x4  
  109  8:05  Stargate  
  117  8:08  Pylon  
  117  8:10  Gateway  
  117  8:12  Gateway  
  117  8:14  Gateway  
  117  8:17  Probe x2  
  119  8:31  Carrier (Chrono Boost)  
  125  8:35  Adept x3  
  131  8:49  Phoenix (Chrono Boost)  
  131  8:51  Carrier (Chrono Boost), Anion Pulse-Crystals  
  139  8:59  Protoss Air Weapons Level 2  
  139  9:11  Nexus  
  139  9:12  Phoenix (Chrono Boost)  
  139  9:13  Pylon, Stalker  
  139  9:14  Pylon, Stalker x3  
  147  9:18  Pylon  
  147  9:33  Phoenix (Chrono Boost)  
  145  9:46  Phoenix (Chrono Boost)  
  147  9:55  Phoenix (Chrono Boost)  
  149  10:02  Photon Cannon  
  149  10:03  Photon Cannon  
  149  10:04  Photon Cannon  
  149  10:05  Probe x3  
  149  10:06  Phoenix (Chrono Boost), Pylon  
  154  10:08  Phoenix (Chrono Boost)  
  156  10:17  Photon Cannon, Phoenix (Chrono Boost)  
  156  10:19  Photon Cannon  
  158  10:23  Photon Cannon  
  158  10:28  Void Ray (Chrono Boost)  
  161  10:30  Void Ray (Chrono Boost)  
  165  10:39  Void Ray (Chrono Boost)  
  169  10:43  Stalker x3  
  169  10:44  Stalker x3  
  181  10:56  Templar Archives  
  181  11:25  Void Ray (Chrono Boost)  
  185  11:27  Adept x6  
  151  11:55  Nexus  
  151  11:56  Zealot  
  151  12:02  Void Ray x3 (Chrono Boost)  
  163  12:12  Probe x3  
  162  12:18  Stalker x4  
  162  12:19  Stalker x3  
  166  12:24  Probe, Pylon  
  166  12:26  Pylon  
  166  12:28  Pylon  
  159  12:46  Stalker x5  
  159  12:47  Stalker x2  
Tags
 
Add a new tag
Caveats
  • Supply blocks, unpowered buildings, or Contaminate may cause inaccurate times.
  • Supply counts are checked every 10 seconds.